[ AOE2 MATCH · #470855983 ]
UnrankedSaracens vs Celts
[ REPLAY ANALYSIS · EXTRACTED FROM THE RECORDED GAME ]
Feudal
11:28
Castle
15:24
Imperial
31:12
| APM avg | 30.8 |
| APM peak | 97 |
| eAPM avg | 19.5 |
| Villagers / military | 182 / 717 |
Focus
⚔️ 39.0% · 🌾 61.0%
Skirmisher ×313 · Scout Cavalry ×190 · Mameluke ×156 · Mangonel ×29 · Knight ×24 · Trade Cart ×20
Feudal
12:46
Castle
20:18
Imperial
34:44
| APM avg | 18.7 |
| APM peak | 52 |
| eAPM avg | 14.4 |
| Villagers / military | 128 / 354 |
Focus
⚔️ 53.5% · 🌾 46.5%
Spearman ×132 · Scorpion ×99 · Knight ×58 · Battering Ram ×31 · Woad Raider ×23 · Trade Cart ×12
Feudal
10:32
Castle
20:22
Imperial
36:02
| APM avg | 19.8 |
| APM peak | 65 |
| eAPM avg | 13.9 |
| Villagers / military | 206 / 481 |
Focus
⚔️ 31.9% · 🌾 68.1%
Spearman ×178 · Skirmisher ×164 · Samurai ×134 · Trade Cart ×12 · Trebuchet (Packed) ×5
Feudal
14:30
Castle
18:09
Imperial
23:18
| APM avg | 18.8 |
| APM peak | 56 |
| eAPM avg | 13.8 |
| Villagers / military | 101 / 286 |
Focus
⚔️ 44.2% · 🌾 55.8%
Spearman ×220 · Bombard Cannon ×64 · Battering Ram ×2
Feudal
—
Castle
—
Imperial
—
| APM avg | 14.3 |
| APM peak | 35 |
| eAPM avg | 11.4 |
| Villagers / military | 117 / 610 |
Focus
⚔️ 43.1% · 🌾 56.9%
Spearman ×449 · Bombard Cannon ×108 · Militia ×38 · Trade Cart ×14 · Hussite Wagon ×13 · Unknown (1105) ×5
Feudal
11:41
Castle
19:35
Imperial
37:57
| APM avg | 30.5 |
| APM peak | 62 |
| eAPM avg | 22.6 |
| Villagers / military | 114 / 621 |
Focus
⚔️ 46.0% · 🌾 54.0%
Skirmisher ×194 · Spearman ×171 · Teutonic Knight ×121 · Knight ×104 · Battering Ram ×16 · Trebuchet (Packed) ×10
Feudal
11:23
Castle
14:53
Imperial
29:20
| APM avg | 25.3 |
| APM peak | 65 |
| eAPM avg | 17.4 |
| Villagers / military | 184 / 398 |
Focus
⚔️ 44.1% · 🌾 55.9%
Petard ×308 · Unknown (2586) ×183 · Battering Ram ×35 · Monk ×25 · Trade Cart ×20 · Mangonel ×15
Feudal
10:56
Castle
16:07
Imperial
29:05
| APM avg | 35.4 |
| APM peak | 117 |
| eAPM avg | 22.5 |
| Villagers / military | 137 / 686 |
Focus
⚔️ 52.5% · 🌾 47.5%
Archer ×218 · Militia ×216 · Skirmisher ×186 · Spearman ×49 · Battering Ram ×10 · Trebuchet (Packed) ×7
Match map
Initial resources + every placement click. Lines = walls · curves = elevation contours. ◆ gold · ⬟ stone · ● berries · ✦ relic · ◌ wall gap
Your base· ✓ Closed at 15:24 · 0t walls · 2 gate(s)
PrinzessinJani's base· ✓ Closed at 20:18 · 4t walls · 5 gate(s)
liviescu's base· ✓ Closed at 20:22 · 42t walls · 4 gate(s)
送葬者's base· ✓ Closed at 18:09 · 0t walls · 2 gate(s)
x-Philip_J_Fry-x's base· ✓ Closed at 16:21 · 0t walls · 3 gate(s)
xr0015's base· ✓ Closed at 19:35 · 0t walls · 4 gate(s)
Horahlooks's base· ✓ Closed at 14:53 · 0t walls · 2 gate(s)
boo's base· ✓ Closed at 16:07 · 0t walls · 2 gate(s)
Smoothed initial terrain · ◌ = detected wall gap · hover for details
Inputs per minute
— omen269 - - PrinzessinJani
Build order — omen269
First 150 of 644 actions detected
| 0:02 | Build | House |
| 0:05 | Build | House |
| 0:06 | Create | Villager (Male) |
| 0:06 | Create | Villager (Male) |
| 0:07 | Create | Villager (Male) |
| 0:07 | Create | Villager (Male) |
| 0:07 | Create | Villager (Male) |
| 1:28 | Research | Loom |
| 1:46 | Create | Villager (Male) |
| 1:46 | Create | Villager (Male) |
| 1:55 | Build | Lumber Camp |
| 2:15 | Create | Villager (Male) |
| 2:15 | Create | Villager (Male) |
| 2:22 | Create | Villager (Male) |
| 2:43 | Build | House |
| 2:59 | Create | Villager (Male) |
| 2:59 | Create | Villager (Male) |
| 3:03 | Build | House |
| 3:56 | Create | Villager (Male) |
| 3:56 | Create | Villager (Male) |
| 4:05 | Create | Villager (Male) |
| 4:05 | Create | Villager (Male) |
| 4:05 | Create | Villager (Male) |
| 4:57 | Create | Villager (Male) |
| 4:57 | Create | Villager (Male) |
| 4:57 | Create | Villager (Male) |
| 4:57 | Create | Villager (Male) |
| 5:04 | Build | Mill |
| 6:07 | Create | Villager (Male) |
| 6:08 | Create | Villager (Male) |
| 6:08 | Create | Villager (Male) |
| 6:43 | Create | Villager (Male) |
| 7:26 | Build | Mining Camp |
| 7:28 | Create | Villager (Male) |
| 7:57 | Build | Mill |
| 9:18 | Research | Feudal Age |
| 11:28 | Age | Feudal Age |
| 11:30 | Build | Market |
| 11:34 | Build | Blacksmith |
| 12:44 | Research | Castle Age |
| 13:46 | Build | Barracks |
| 14:55 | Create | Villager (Male) |
| 14:55 | Create | Villager (Male) |
| 14:56 | Create | Villager (Male) |
| 15:24 | Age | Castle Age |
| 15:30 | Build | Town Center |
| 15:37 | Build | Town Center |
| 15:42 | Research | Double-Bit Axe |
| 15:48 | Build | House |
| 15:49 | Build | House |
| 16:02 | Create | Villager (Male) |
| 16:53 | Build | Mining Camp |
| 17:11 | Create | Villager (Male) |
| 17:12 | Create | Villager (Male) |
| 17:14 | Create | Villager (Male) |
| 17:17 | Create | Villager (Male) |
| 17:18 | Create | Villager (Male) |
| 17:19 | Create | Villager (Male) |
| 17:25 | Create | Villager (Male) |
| 17:25 | Create | Villager (Male) |
| 17:25 | Create | Villager (Male) |
| 17:29 | Build | House |
| 17:32 | Build | House |
| 17:50 | Research | Horse Collar |
| 18:00 | Build | Farm |
| 18:12 | Build | Farm |
| 18:16 | Create | Villager (Male) |
| 18:16 | Create | Villager (Male) |
| 18:16 | Create | Villager (Male) |
| 18:26 | Build | Farm |
| 18:33 | Build | Farm |
| 18:36 | Create | Villager (Male) |
| 18:44 | Build | Farm |
| 18:50 | Create | Villager (Male) |
| 19:00 | Build | Farm |
| 19:03 | Build | Farm |
| 19:09 | Create | Villager (Male) |
| 19:09 | Create | Villager (Male) |
| 19:09 | Create | Villager (Male) |
| 19:39 | Build | Stable |
| 19:44 | Create | Villager (Male) |
| 19:44 | Create | Villager (Male) |
| 19:51 | Build | Farm |
| 19:55 | Build | Farm |
| 20:03 | Create | Villager (Male) |
| 20:03 | Create | Villager (Male) |
| 20:13 | Build | Monastery |
| 20:17 | Create | Villager (Male) |
| 20:17 | Create | Villager (Male) |
| 20:24 | Build | Farm |
| 20:34 | Build | Farm |
| 20:38 | Create | Villager (Male) |
| 20:38 | Create | Villager (Male) |
| 20:48 | Build | Farm |
| 20:53 | Build | Farm |
| 20:56 | Create | Villager (Male) |
| 20:56 | Create | Villager (Male) |
| 21:04 | Build | Farm |
| 21:11 | Build | House |
| 21:12 | Build | House |
| 21:13 | Build | House |
| 21:14 | Build | House |
| 21:15 | Create | Monk |
| 21:15 | Create | Monk |
| 21:15 | Create | Monk |
| 21:17 | Research | Fervor |
| 21:19 | Create | Villager (Male) |
| 21:19 | Create | Villager (Male) |
| 21:19 | Create | Villager (Male) |
| 21:27 | Build | Farm |
| 21:47 | Create | Villager (Male) |
| 21:48 | Create | Villager (Male) |
| 21:48 | Create | Villager (Male) |
| 21:59 | Build | Farm |
| 22:02 | Build | Farm |
| 22:06 | Build | Farm |
| 22:19 | Create | Villager (Male) |
| 22:19 | Create | Villager (Male) |
| 22:19 | Create | Villager (Male) |
| 22:20 | Create | Villager (Male) |
| 22:24 | Build | Farm |
| 22:29 | Build | Farm |
| 22:44 | Research | Bow Saw |
| 22:53 | Build | Farm |
| 23:00 | Create | Villager (Male) |
| 23:00 | Create | Villager (Male) |
| 23:01 | Create | Villager (Male) |
| 23:14 | Create | Villager (Male) |
| 23:14 | Create | Villager (Male) |
| 23:24 | Build | Castle |
| 23:41 | Create | Villager (Male) |
| 23:41 | Create | Villager (Male) |
| 23:41 | Create | Villager (Male) |
| 23:41 | Create | Villager (Male) |
| 23:42 | Create | Villager (Male) |
| 23:48 | Build | University |
| 24:05 | Research | Husbandry |
| 24:20 | Research | Fletching |
| 24:24 | Create | Villager (Male) |
| 24:33 | Build | Mill |
| 24:35 | Build | Farm |
| 24:36 | Build | Farm |
| 24:37 | Build | Farm |
| 24:40 | Build | Farm |
| 24:45 | Build | Farm |
| 24:50 | Create | Villager (Male) |
| 24:50 | Create | Villager (Male) |
| 24:50 | Create | Villager (Male) |
| 25:03 | Create | Villager (Male) |
| 25:03 | Create | Villager (Male) |
Build order — PrinzessinJani
First 150 of 722 actions detected
| 0:06 | Create | Villager (Male) |
| 0:06 | Research | Loom |
| 0:06 | Create | Villager (Male) |
| 0:07 | Create | Villager (Male) |
| 0:07 | Create | Villager (Male) |
| 0:07 | Create | Villager (Male) |
| 0:16 | Build | House |
| 0:26 | Build | House |
| 2:03 | Create | Villager (Male) |
| 2:03 | Create | Villager (Male) |
| 2:04 | Create | Villager (Male) |
| 2:08 | Build | House |
| 2:28 | Create | Villager (Male) |
| 2:41 | Build | House |
| 2:51 | Create | Villager (Male) |
| 2:58 | Build | House |
| 3:26 | Create | Villager (Male) |
| 3:26 | Create | Villager (Male) |
| 3:26 | Create | Villager (Male) |
| 4:00 | Create | Villager (Male) |
| 4:01 | Create | Villager (Male) |
| 4:10 | Create | Villager (Male) |
| 5:00 | Create | Villager (Male) |
| 5:00 | Create | Villager (Male) |
| 5:01 | Create | Villager (Male) |
| 5:35 | Create | Villager (Male) |
| 5:35 | Create | Villager (Male) |
| 6:05 | Create | Villager (Male) |
| 6:06 | Create | Villager (Male) |
| 6:06 | Create | Villager (Male) |
| 6:14 | Build | Lumber Camp |
| 7:16 | Create | Villager (Male) |
| 7:17 | Create | Villager (Male) |
| 7:17 | Create | Villager (Male) |
| 7:34 | Build | Mill |
| 7:39 | Create | Villager (Male) |
| 7:39 | Create | Villager (Male) |
| 8:16 | Create | Villager (Male) |
| 8:38 | Create | Villager (Male) |
| 9:27 | Build | Farm |
| 9:30 | Build | Farm |
| 9:35 | Build | Farm |
| 9:38 | Build | Farm |
| 9:41 | Create | Villager (Male) |
| 9:48 | Build | Farm |
| 10:03 | Create | Villager (Male) |
| 10:13 | Build | Mining Camp |
| 10:16 | Research | Feudal Age |
| 10:50 | Build | Mining Camp |
| 11:07 | Build | House |
| 11:28 | Build | House |
| 11:50 | Build | Barracks |
| 12:06 | Create | Villager (Male) |
| 12:07 | Create | Villager (Male) |
| 12:46 | Age | Feudal Age |
| 12:52 | Create | Villager (Male) |
| 13:02 | Build | Blacksmith |
| 13:09 | Research | Double-Bit Axe |
| 13:15 | Build | Farm |
| 13:18 | Create | Villager (Male) |
| 13:38 | Build | Archery Range |
| 13:46 | Build | Farm |
| 13:48 | Create | Villager (Male) |
| 14:07 | Build | Farm |
| 14:23 | Create | Villager (Male) |
| 14:48 | Build | House |
| 14:54 | Build | House |
| 14:57 | Build | Stable |
| 15:02 | Create | Villager (Male) |
| 15:40 | Create | Villager (Male) |
| 15:57 | Build | Gate |
| 16:00 | Build | House |
| 16:08 | Create | Villager (Male) |
| 16:12 | Build | Farm |
| 16:39 | Build | Farm |
| 16:46 | Create | Villager (Male) |
| 16:55 | Build | House |
| 17:02 | Research | Gold Mining |
| 17:13 | Create | Villager (Male) |
| 17:32 | Research | Castle Age |
| 17:37 | Build | House |
| 17:45 | Research | Horse Collar |
| 18:02 | Research | Stone Mining |
| 18:03 | Research | Stone Mining |
| 18:42 | Research | Wheelbarrow |
| 19:15 | Build | Stone Wall |
| 19:18 | Build | Gate |
| 19:23 | Build | House |
| 19:31 | Build | Farm |
| 19:35 | Build | Farm |
| 19:39 | Build | Farm |
| 19:43 | Build | Farm |
| 19:49 | Build | Mill |
| 19:52 | Build | Farm |
| 19:58 | Create | Villager (Male) |
| 20:18 | Age | Castle Age |
| 20:38 | Build | Town Center |
| 20:44 | Create | Villager (Male) |
| 20:51 | Build | Town Center |
| 20:57 | Research | Bow Saw |
| 21:02 | Build | House |
| 21:05 | Build | House |
| 21:12 | Create | Villager (Male) |
| 21:25 | Create | Spearman |
| 21:26 | Create | Spearman |
| 21:26 | Create | Spearman |
| 21:33 | Create | Spearman |
| 21:36 | Create | Villager (Male) |
| 21:40 | Create | Villager (Male) |
| 21:40 | Create | Villager (Male) |
| 21:40 | Create | Villager (Male) |
| 21:41 | Create | Villager (Male) |
| 21:41 | Create | Villager (Male) |
| 21:51 | Create | Spearman |
| 22:36 | Build | Monastery |
| 22:39 | Create | Villager (Male) |
| 22:42 | Create | Villager (Male) |
| 22:58 | Create | Villager (Male) |
| 22:58 | Create | Villager (Male) |
| 23:02 | Create | Villager (Male) |
| 23:16 | Build | Town Center |
| 23:22 | Create | Monk |
| 23:35 | Build | House |
| 23:38 | Build | House |
| 23:41 | Create | Villager (Male) |
| 23:42 | Create | Villager (Male) |
| 23:45 | Create | Villager (Male) |
| 23:54 | Create | Villager (Male) |
| 23:54 | Create | Villager (Male) |
| 23:54 | Create | Villager (Male) |
| 24:18 | Build | Farm |
| 24:20 | Create | Villager (Male) |
| 24:22 | Create | Villager (Male) |
| 24:35 | Create | Villager (Male) |
| 24:36 | Create | Villager (Male) |
| 24:37 | Create | Villager (Male) |
| 24:39 | Create | Villager (Male) |
| 24:42 | Build | Farm |
| 25:07 | Create | Villager (Male) |
| 25:07 | Create | Villager (Male) |
| 25:07 | Create | Villager (Male) |
| 25:11 | Create | Villager (Male) |
| 25:11 | Create | Villager (Male) |
| 25:15 | Build | Farm |
| 25:17 | Create | Villager (Male) |
| 25:22 | Build | House |
| 25:24 | Build | House |
| 25:36 | Build | Siege Workshop |
| 25:42 | Create | Villager (Male) |
| 25:46 | Create | Villager (Male) |
Build order — liviescu
First 150 of 549 actions detected
| 0:01 | Create | Villager (Male) |
| 0:02 | Create | Villager (Male) |
| 0:02 | Create | Villager (Male) |
| 0:04 | Build | House |
| 0:06 | Build | House |
| 0:30 | Create | Villager (Male) |
| 0:30 | Create | Villager (Male) |
| 1:35 | Create | Villager (Male) |
| 2:33 | Create | Villager (Male) ×2 |
| 2:37 | Create | Villager (Male) |
| 3:05 | Create | Villager (Male) |
| 3:31 | Create | Villager (Male) |
| 3:32 | Create | Villager (Male) |
| 3:57 | Create | Villager (Male) |
| 3:58 | Create | Villager (Male) |
| 4:21 | Build | House |
| 4:25 | Build | House |
| 4:56 | Research | Loom |
| 5:52 | Create | Villager (Male) |
| 5:52 | Create | Villager (Male) |
| 6:26 | Build | Lumber Camp |
| 6:34 | Create | Villager (Male) |
| 6:44 | Create | Villager (Male) |
| 6:48 | Build | Mill |
| 7:16 | Create | Villager (Male) |
| 7:16 | Create | Villager (Male) |
| 8:15 | Research | Feudal Age |
| 9:05 | Build | Barracks |
| 10:07 | Create | Villager (Male) |
| 10:07 | Create | Villager (Male) |
| 10:08 | Create | Villager (Male) |
| 10:18 | Build | Mining Camp |
| 10:32 | Age | Feudal Age |
| 10:37 | Build | Stone Wall |
| 10:49 | Create | Spearman |
| 10:49 | Create | Spearman |
| 11:02 | Create | Villager (Male) |
| 11:03 | Create | Villager (Male) |
| 12:08 | Build | House |
| 12:13 | Build | House |
| 12:18 | Research | Double-Bit Axe |
| 13:12 | Build | Farm |
| 13:14 | Build | Farm |
| 13:15 | Build | Farm |
| 13:17 | Build | Farm |
| 13:19 | Build | Farm |
| 13:22 | Build | Farm |
| 13:26 | Build | Farm |
| 13:29 | Build | Farm |
| 13:36 | Create | Villager (Male) |
| 13:41 | Build | Mill |
| 14:09 | Create | Villager (Male) |
| 14:09 | Create | Villager (Male) |
| 14:10 | Create | Villager (Male) |
| 15:26 | Build | Market |
| 15:40 | Build | Lumber Camp |
| 15:48 | Create | Villager (Male) |
| 15:54 | Create | Villager (Male) |
| 16:00 | Build | House |
| 16:01 | Build | House |
| 16:43 | Build | Blacksmith |
| 16:58 | Create | Villager (Male) |
| 17:33 | Build | Stone Wall |
| 17:42 | Research | Castle Age |
| 17:54 | Build | Stone Wall |
| 18:05 | Create | Villager (Male) |
| 18:05 | Create | Villager (Male) |
| 18:21 | Build | Gate |
| 18:29 | Build | Stone Wall |
| 18:35 | Create | Villager (Male) |
| 18:58 | Build | Farm |
| 19:09 | Build | Farm |
| 19:13 | Build | Farm |
| 19:46 | Build | Mining Camp |
| 20:12 | Build | Palisade Wall |
| 20:19 | Create | Villager (Male) |
| 20:19 | Create | Villager (Male) |
| 20:22 | Age | Castle Age |
| 20:52 | Build | Town Center |
| 21:05 | Build | Town Center |
| 21:28 | Research | Stone Mining |
| 22:11 | Build | Mining Camp |
| 22:12 | Research | Squires |
| 22:40 | Create | Villager (Male) ×5 |
| 22:51 | Create | Villager (Male) ×5 |
| 22:54 | Create | Villager (Male) ×5 |
| 22:56 | Build | Farm |
| 22:59 | Build | Farm |
| 23:28 | Research | Bow Saw |
| 24:04 | Build | Stone Wall |
| 24:18 | Research | Pikeman (upgrade) |
| 24:18 | Create | Spearman |
| 24:19 | Create | Spearman |
| 24:29 | Create | Villager (Male) |
| 24:29 | Create | Villager (Male) |
| 24:30 | Research | Town Watch |
| 24:32 | Research | Wheelbarrow |
| 24:54 | Research | Horse Collar |
| 25:19 | Research | Arson |
| 25:20 | Create | Spearman |
| 25:20 | Create | Spearman |
| 25:29 | Build | House |
| 25:31 | Build | House |
| 25:33 | Build | House |
| 25:35 | Build | House |
| 25:37 | Build | House |
| 25:41 | Create | Villager (Male) ×3 |
| 26:28 | Build | Castle |
| 27:02 | Research | Heavy Plow |
| 27:04 | Create | Villager (Male) |
| 27:12 | Build | Farm |
| 27:13 | Build | Farm |
| 27:24 | Build | Farm |
| 27:26 | Build | Farm |
| 27:27 | Build | Farm |
| 27:29 | Build | Farm |
| 27:33 | Build | Farm |
| 27:34 | Build | Farm |
| 27:47 | Build | Farm |
| 27:48 | Build | Farm |
| 27:50 | Build | Farm |
| 27:51 | Build | Farm |
| 27:56 | Build | Farm |
| 27:57 | Build | Farm |
| 28:00 | Create | Trade Cart |
| 28:00 | Create | Trade Cart |
| 28:20 | Build | University |
| 28:25 | Build | Monastery |
| 28:27 | Build | House |
| 28:28 | Build | House |
| 28:30 | Build | House |
| 28:31 | Build | House |
| 28:32 | Build | House |
| 28:34 | Build | House |
| 28:37 | Build | House |
| 28:38 | Build | House |
| 28:39 | Build | House |
| 28:41 | Build | House |
| 28:43 | Build | House |
| 29:05 | Create | Samurai ×5 |
| 29:56 | Research | Hand Cart |
| 29:57 | Research | Town Patrol |
| 30:01 | Build | Farm |
| 30:03 | Create | Villager (Male) ×3 |
| 30:13 | Build | Farm |
| 30:14 | Build | Farm |
| 30:15 | Build | Farm |
| 30:18 | Build | Farm |
| 30:19 | Build | Farm |
| 30:27 | Build | Mining Camp |
Build order — 送葬者
First 150 of 592 actions detected
| 0:04 | Create | Villager (Male) |
| 0:04 | Create | Villager (Male) |
| 0:04 | Create | Villager (Male) |
| 0:05 | Create | Villager (Male) |
| 0:05 | Create | Villager (Male) |
| 0:10 | Build | House |
| 0:12 | Build | House |
| 1:49 | Create | Villager (Male) |
| 1:59 | Build | Lumber Camp |
| 2:23 | Build | House |
| 2:42 | Create | Villager (Male) |
| 2:42 | Create | Villager (Male) |
| 2:42 | Create | Villager (Male) |
| 3:13 | Create | Villager (Male) |
| 3:47 | Create | Villager (Male) |
| 4:32 | Create | Villager (Male) |
| 4:33 | Create | Villager (Male) |
| 4:55 | Build | Mill |
| 4:58 | Create | Villager (Male) |
| 4:58 | Create | Villager (Male) |
| 4:58 | Create | Villager (Male) |
| 5:29 | Build | House |
| 5:34 | Create | Villager (Male) |
| 5:49 | Create | Villager (Male) |
| 6:16 | Create | Villager (Male) |
| 6:31 | Create | Villager (Male) |
| 7:24 | Create | Villager (Male) |
| 7:36 | Build | House |
| 8:30 | Create | Villager (Male) |
| 8:43 | Create | Villager (Male) |
| 8:48 | Create | Villager (Male) |
| 8:48 | Create | Villager (Male) |
| 8:48 | Create | Villager (Male) |
| 8:49 | Create | Villager (Male) |
| 8:49 | Create | Villager (Male) |
| 8:49 | Create | Villager (Male) |
| 8:54 | Create | Villager (Male) |
| 9:47 | Create | Villager (Male) |
| 10:14 | Build | Mining Camp |
| 10:31 | Build | Farm |
| 10:32 | Build | Farm |
| 10:33 | Build | Farm |
| 10:38 | Build | Farm |
| 10:40 | Build | Farm |
| 11:00 | Build | Farm |
| 11:03 | Build | Farm |
| 11:09 | Research | Feudal Age |
| 11:11 | Build | Farm |
| 11:18 | Build | Farm |
| 11:19 | Build | Farm |
| 11:59 | Create | Villager (Male) |
| 12:00 | Research | Feudal Age |
| 12:27 | Build | House |
| 12:31 | Build | House |
| 12:33 | Build | House |
| 13:16 | Create | Villager (Male) |
| 13:16 | Create | Villager (Male) |
| 14:30 | Age | Feudal Age |
| 14:32 | Build | Blacksmith |
| 14:39 | Build | Market |
| 14:56 | Build | Farm |
| 14:58 | Build | Farm |
| 15:00 | Build | Farm |
| 15:27 | Build | House |
| 15:29 | Research | Castle Age |
| 15:31 | Research | Double-Bit Axe |
| 15:59 | Build | Farm |
| 16:05 | Build | Farm |
| 16:11 | Build | House |
| 16:57 | Create | Villager (Male) |
| 16:57 | Create | Villager (Male) |
| 16:57 | Create | Villager (Male) |
| 17:06 | Build | House |
| 17:52 | Build | House |
| 18:09 | Age | Castle Age |
| 18:14 | Build | Monastery |
| 18:17 | Build | University |
| 18:29 | Create | Villager (Male) |
| 19:42 | Build | Mining Camp |
| 20:08 | Research | Imperial Age |
| 20:50 | Research | Loom |
| 20:51 | Research | Wheelbarrow |
| 20:56 | Research | Bow Saw |
| 21:16 | Build | House |
| 21:19 | Build | House |
| 21:22 | Build | House |
| 21:23 | Build | House |
| 21:26 | Build | House |
| 22:12 | Build | House |
| 22:13 | Build | House |
| 22:14 | Build | House |
| 22:17 | Build | House |
| 22:19 | Build | House |
| 22:21 | Build | House |
| 22:24 | Build | House |
| 23:18 | Age | Imperial Age |
| 23:25 | Build | Feitoria |
| 23:37 | Build | House |
| 23:38 | Build | House |
| 23:40 | Build | House |
| 23:41 | Build | House |
| 23:42 | Build | House |
| 23:58 | Build | Feitoria |
| 23:59 | Build | Feitoria |
| 24:03 | Build | Feitoria |
| 24:31 | Create | Villager (Male) |
| 24:31 | Create | Villager (Male) |
| 24:41 | Build | Feitoria |
| 24:55 | Build | House |
| 24:58 | Build | House |
| 25:00 | Build | House |
| 25:03 | Build | House |
| 25:04 | Build | House |
| 26:00 | Build | Feitoria |
| 26:40 | Build | Feitoria |
| 26:47 | Build | House |
| 26:48 | Build | House |
| 26:49 | Build | House |
| 26:51 | Build | House |
| 26:52 | Build | House |
| 26:54 | Build | House |
| 26:56 | Build | House |
| 26:57 | Build | House |
| 27:15 | Build | Town Center |
| 27:43 | Build | Feitoria |
| 28:08 | Build | Siege Workshop |
| 28:17 | Research | Town Watch |
| 28:28 | Build | House |
| 28:29 | Build | House |
| 28:31 | Build | House |
| 28:37 | Build | Feitoria |
| 28:55 | Research | Chemistry |
| 29:14 | Build | Siege Workshop |
| 29:54 | Research | Hand Cart |
| 30:26 | Research | Bombard Tower (upgrade) |
| 31:06 | Build | Lumber Camp |
| 31:22 | Build | Bombard Tower |
| 31:33 | Build | Bombard Tower |
| 31:39 | Create | Bombard Cannon |
| 31:39 | Create | Bombard Cannon |
| 31:44 | Create | Bombard Cannon |
| 31:57 | Build | Bombard Tower |
| 32:10 | Research | Treadmill Crane |
| 32:14 | Research | Fortified Wall (upgrade) |
| 32:25 | Build | Bombard Tower |
| 32:31 | Build | Bombard Tower |
| 32:52 | Create | Bombard Cannon |
| 32:52 | Create | Bombard Cannon |
| 33:01 | Build | Bombard Tower |
| 33:05 | Build | Bombard Tower |
Build order — x-Philip_J_Fry-x
First 150 of 455 actions detected
| 0:04 | Create | Villager (Male) ×4 |
| 0:05 | Research | Loom |
| 0:10 | Build | House |
| 0:11 | Build | House |
| 1:36 | Create | Villager (Male) |
| 1:40 | Research | Loom |
| 2:31 | Create | Villager (Male) |
| 2:44 | Create | Villager (Male) |
| 2:57 | Build | House |
| 3:04 | Build | Lumber Camp |
| 3:27 | Create | Villager (Male) |
| 4:06 | Create | Villager (Male) |
| 4:06 | Create | Villager (Male) |
| 4:32 | Create | Villager (Male) |
| 5:03 | Create | Villager (Male) |
| 5:46 | Create | Villager (Male) |
| 5:47 | Create | Villager (Male) |
| 5:47 | Create | Villager (Male) |
| 5:57 | Build | Mill |
| 6:14 | Create | Villager (Male) |
| 6:14 | Create | Villager (Male) |
| 6:51 | Build | Mining Camp |
| 9:04 | Research | Feudal Age |
| 9:19 | Build | House |
| 9:21 | Build | House |
| 9:22 | Build | House |
| 9:32 | Build | House |
| 9:33 | Build | House |
| 9:36 | Build | House |
| 9:48 | Create | Villager (Male) |
| 9:48 | Create | Villager (Male) |
| 9:48 | Create | Villager (Male) |
| 10:57 | Create | Villager (Male) |
| 10:57 | Create | Villager (Male) |
| 11:15 | Research | Double-Bit Axe |
| 11:31 | Research | Horse Collar |
| 11:46 | Build | Blacksmith |
| 12:18 | Create | Villager (Male) |
| 12:40 | Build | Market |
| 12:55 | Build | Mining Camp |
| 13:30 | Build | Farm |
| 13:38 | Build | Farm |
| 14:01 | Build | Farm |
| 14:12 | Create | Villager (Male) |
| 14:26 | Build | Farm |
| 16:21 | Research | Castle Age |
| 16:31 | Build | Farm |
| 16:31 | Build | Farm |
| 16:33 | Build | Farm |
| 16:34 | Build | Farm |
| 16:35 | Build | Farm |
| 16:40 | Build | Farm |
| 17:07 | Build | Farm |
| 17:53 | Build | House |
| 19:06 | Create | Villager (Male) |
| 19:06 | Create | Villager (Male) |
| 19:07 | Create | Villager (Male) |
| 19:07 | Create | Villager (Male) |
| 19:07 | Create | Villager (Male) |
| 19:29 | Build | Town Center |
| 19:39 | Create | Villager (Male) |
| 19:47 | Research | Bow Saw |
| 20:24 | Build | Castle |
| 20:39 | Create | Villager (Male) |
| 20:39 | Create | Villager (Male) |
| 20:43 | Research | Heavy Plow |
| 21:11 | Create | Villager (Male) |
| 21:12 | Create | Villager (Male) |
| 21:12 | Create | Villager (Male) |
| 21:12 | Create | Villager (Male) |
| 21:12 | Create | Villager (Male) |
| 21:51 | Create | Trade Cart ×3 |
| 22:40 | Create | Villager (Male) |
| 22:41 | Create | Villager (Male) |
| 22:41 | Create | Villager (Male) |
| 22:43 | Create | Villager (Male) |
| 22:43 | Create | Villager (Male) |
| 22:43 | Create | Villager (Male) |
| 23:03 | Build | Barracks |
| 23:06 | Build | Barracks |
| 23:22 | Build | Monastery |
| 23:32 | Create | Villager (Male) |
| 23:33 | Create | Villager (Male) |
| 23:34 | Create | Villager (Male) |
| 23:36 | Create | Villager (Male) |
| 23:57 | Build | Town Center |
| 24:11 | Build | Lumber Camp |
| 24:22 | Create | Villager (Male) |
| 24:23 | Create | Villager (Male) |
| 24:24 | Create | Villager (Male) |
| 24:26 | Create | Monk |
| 24:26 | Create | Monk |
| 24:36 | Build | Siege Workshop |
| 24:49 | Build | University |
| 24:56 | Create | Villager (Male) |
| 24:58 | Create | Villager (Male) |
| 24:58 | Create | Villager (Male) |
| 25:16 | Build | Farm |
| 25:16 | Build | Farm |
| 25:17 | Build | Farm |
| 25:19 | Build | Farm |
| 26:14 | Research | Fortified Wall (upgrade) |
| 26:19 | Research | Chemistry |
| 26:34 | Build | Farm |
| 26:35 | Build | Farm |
| 26:36 | Build | Farm |
| 26:37 | Build | Farm |
| 26:39 | Build | Farm |
| 26:40 | Build | Farm |
| 26:45 | Build | Farm |
| 26:58 | Build | Mill |
| 27:01 | Build | Farm |
| 27:05 | Create | Villager (Male) |
| 27:05 | Create | Villager (Male) |
| 27:06 | Create | Villager (Male) |
| 27:06 | Create | Villager (Male) |
| 27:19 | Build | Farm |
| 27:20 | Build | Farm |
| 27:23 | Build | Farm |
| 27:24 | Build | Farm |
| 27:25 | Build | Farm |
| 27:52 | Research | Pikeman (upgrade) |
| 28:10 | Build | Siege Workshop |
| 28:16 | Build | Siege Workshop |
| 28:27 | Create | Villager (Male) |
| 28:29 | Create | Villager (Male) |
| 28:32 | Research | Wheelbarrow |
| 28:33 | Create | Villager (Male) |
| 28:34 | Create | Villager (Male) |
| 28:35 | Create | Villager (Male) |
| 28:35 | Create | Villager (Male) |
| 28:45 | Build | Farm |
| 28:46 | Build | Farm |
| 29:08 | Build | Farm |
| 29:36 | Research | Ballistics |
| 29:42 | Research | Treadmill Crane |
| 30:06 | Build | Barracks |
| 30:09 | Build | Barracks |
| 30:15 | Research | Imperial Age |
| 30:19 | Create | Villager (Male) |
| 30:22 | Create | Villager (Male) |
| 30:22 | Create | Villager (Male) |
| 30:25 | Create | Villager (Male) |
| 30:40 | Create | Hussite Wagon ×3 |
| 30:54 | Research | Squires |
| 30:59 | Create | Trade Cart |
| 31:05 | Research | Murder Holes |
| 31:10 | Create | Trade Cart |
| 31:11 | Create | Trade Cart |
| 31:15 | Research | Scale Mail Armor |
Build order — xr0015
First 150 of 751 actions detected
| 0:02 | Create | Villager (Male) |
| 0:02 | Build | House |
| 0:04 | Build | House |
| 0:22 | Create | Villager (Male) ×3 |
| 0:23 | Create | Villager (Male) ×3 |
| 1:05 | Build | Mill |
| 1:34 | Create | Villager (Male) |
| 1:34 | Create | Villager (Male) |
| 2:23 | Create | Villager (Male) |
| 2:23 | Create | Villager (Male) |
| 2:40 | Create | Villager (Male) |
| 2:40 | Create | Villager (Male) |
| 3:05 | Create | Villager (Male) |
| 3:05 | Create | Villager (Male) |
| 3:16 | Create | Villager (Male) |
| 3:16 | Create | Villager (Male) |
| 3:27 | Build | House |
| 3:33 | Create | Villager (Male) |
| 3:33 | Create | Villager (Male) |
| 3:48 | Create | Villager (Male) |
| 3:48 | Create | Villager (Male) |
| 4:06 | Create | Villager (Male) |
| 4:06 | Create | Villager (Male) |
| 4:16 | Build | House |
| 4:37 | Create | Villager (Male) |
| 5:33 | Create | Villager (Male) |
| 6:16 | Create | Villager (Male) |
| 6:18 | Create | Villager (Male) |
| 6:18 | Create | Villager (Male) |
| 7:02 | Research | Loom |
| 7:03 | Create | Villager (Male) |
| 7:04 | Create | Villager (Male) |
| 7:30 | Build | Lumber Camp |
| 7:38 | Create | Villager (Male) |
| 7:52 | Create | Villager (Male) |
| 8:26 | Create | Villager (Male) |
| 9:13 | Research | Feudal Age |
| 10:08 | Build | House |
| 10:12 | Build | House |
| 10:15 | Build | House |
| 10:29 | Build | Mill |
| 11:19 | Create | Villager (Male) |
| 11:21 | Create | Villager (Male) |
| 11:41 | Age | Feudal Age |
| 11:53 | Research | Horse Collar |
| 11:55 | Research | Double-Bit Axe |
| 12:07 | Create | Villager (Male) |
| 12:09 | Build | Farm |
| 12:09 | Build | Farm |
| 12:09 | Build | Farm |
| 12:14 | Build | Farm |
| 12:14 | Build | Farm |
| 12:14 | Build | Farm |
| 12:15 | Build | Farm |
| 12:16 | Build | Farm |
| 12:52 | Create | Villager (Male) |
| 12:54 | Build | Farm |
| 13:02 | Build | House |
| 13:06 | Build | Farm |
| 13:08 | Build | Farm |
| 13:17 | Create | Villager (Male) |
| 13:17 | Create | Villager (Male) |
| 13:36 | Build | Mining Camp |
| 13:49 | Build | Farm |
| 13:49 | Build | Farm |
| 13:49 | Build | Farm |
| 13:49 | Build | Farm |
| 14:11 | Create | Villager (Male) |
| 14:25 | Build | Barracks |
| 14:29 | Build | Blacksmith |
| 14:33 | Build | House |
| 14:39 | Build | Gate |
| 14:50 | Create | Villager (Male) |
| 15:01 | Build | Mining Camp |
| 15:03 | Create | Villager (Male) |
| 15:38 | Build | Stable |
| 15:43 | Build | Gate |
| 15:55 | Research | Wheelbarrow |
| 16:26 | Research | Castle Age |
| 16:37 | Build | House |
| 16:47 | Build | Stable |
| 17:10 | Research | Stone Mining |
| 17:14 | Research | Gold Mining |
| 17:39 | Create | Scout Cavalry |
| 17:58 | Create | Spearman |
| 19:08 | Create | Villager (Male) |
| 19:12 | Create | Villager (Male) |
| 19:31 | Research | Scale Barding Armor |
| 19:34 | Research | Scale Mail Armor |
| 19:35 | Age | Castle Age |
| 19:38 | Research | Forging |
| 19:40 | Create | Knight |
| 19:41 | Create | Knight |
| 19:50 | Build | Stable |
| 20:01 | Build | Town Center |
| 20:28 | Research | Scale Mail Armor |
| 20:37 | Research | Pikeman (upgrade) |
| 20:52 | Build | Town Center |
| 21:04 | Build | House |
| 21:10 | Research | Bloodlines |
| 21:11 | Create | Scout Cavalry |
| 21:14 | Create | Knight |
| 21:26 | Build | Archery Range |
| 21:32 | Create | Villager (Male) |
| 21:33 | Create | Villager (Male) |
| 21:38 | Build | Farm |
| 21:39 | Build | Farm |
| 21:40 | Build | Farm |
| 21:48 | Build | Farm |
| 21:55 | Create | Villager (Male) |
| 22:57 | Build | Castle |
| 23:00 | Build | House |
| 23:14 | Create | Villager (Male) |
| 23:14 | Create | Villager (Male) |
| 23:15 | Create | Villager (Male) |
| 23:32 | Create | Villager (Male) |
| 23:51 | Create | Villager (Male) |
| 23:59 | Create | Villager (Male) |
| 24:01 | Create | Villager (Male) |
| 24:01 | Create | Villager (Male) |
| 24:19 | Build | Farm |
| 24:20 | Build | Farm |
| 24:20 | Build | Farm |
| 24:20 | Build | Farm |
| 24:29 | Build | Farm |
| 24:44 | Research | Heavy Plow |
| 24:47 | Research | Bow Saw |
| 24:55 | Build | Farm |
| 25:21 | Build | Lumber Camp |
| 25:23 | Create | Villager (Male) |
| 25:24 | Create | Villager (Male) |
| 25:24 | Create | Villager (Male) |
| 25:27 | Build | Farm |
| 25:54 | Create | Villager (Male) |
| 25:55 | Create | Villager (Male) |
| 25:56 | Create | Villager (Male) |
| 25:58 | Create | Teutonic Knight |
| 26:14 | Create | Villager (Male) |
| 26:14 | Create | Villager (Male) |
| 26:15 | Create | Villager (Male) |
| 26:17 | Build | Farm |
| 26:34 | Build | House |
| 26:36 | Build | Farm |
| 26:38 | Create | Villager (Male) |
| 26:41 | Create | Villager (Male) |
| 26:43 | Create | Villager (Male) |
| 26:45 | Create | Teutonic Knight |
| 26:47 | Create | Teutonic Knight |
| 27:00 | Research | Ironclad |
| 27:06 | Create | Villager (Male) |
Build order — Horahlooks
First 150 of 536 actions detected
| 0:00 | Create | Villager (Male) |
| 0:01 | Create | Villager (Male) |
| 0:01 | Create | Villager (Male) |
| 0:01 | Create | Villager (Male) |
| 0:02 | Create | Villager (Male) |
| 0:04 | Build | House |
| 0:05 | Build | House |
| 1:35 | Create | Villager (Male) |
| 1:45 | Build | Settlement |
| 2:06 | Create | Villager (Male) |
| 2:06 | Create | Villager (Male) |
| 2:26 | Create | Villager (Male) |
| 2:51 | Create | Villager (Male) |
| 3:04 | Create | Villager (Male) |
| 3:37 | Create | Villager (Male) |
| 3:55 | Build | Settlement |
| 4:11 | Create | Villager (Male) |
| 4:11 | Create | Villager (Male) |
| 4:29 | Create | Villager (Male) |
| 5:02 | Create | Villager (Male) |
| 5:03 | Create | Villager (Male) |
| 5:03 | Create | Villager (Male) |
| 5:03 | Create | Villager (Male) |
| 5:28 | Build | Farm |
| 5:29 | Build | Farm |
| 5:29 | Build | Farm |
| 5:44 | Create | Villager (Male) |
| 5:45 | Create | Villager (Male) |
| 5:45 | Create | Villager (Male) |
| 6:27 | Create | Villager (Male) |
| 6:53 | Create | Villager (Male) |
| 6:53 | Create | Villager (Male) |
| 7:16 | Build | House |
| 7:35 | Create | Villager (Male) |
| 7:36 | Create | Villager (Male) |
| 7:36 | Create | Villager (Male) |
| 8:33 | Create | Villager (Male) |
| 8:36 | Research | Feudal Age |
| 9:26 | Create | Villager (Male) |
| 9:26 | Create | Villager (Male) |
| 9:43 | Build | Barracks |
| 11:23 | Age | Feudal Age |
| 11:25 | Build | Archery Range |
| 11:28 | Build | Blacksmith |
| 11:48 | Build | Farm |
| 11:48 | Build | Farm |
| 12:04 | Research | Horse Collar |
| 12:13 | Research | Castle Age |
| 12:24 | Research | Double-Bit Axe |
| 12:49 | Build | House |
| 12:56 | Create | Spearman |
| 13:43 | Build | Farm |
| 13:43 | Build | Farm |
| 13:43 | Build | Farm |
| 13:44 | Build | Farm |
| 13:44 | Build | Farm |
| 14:23 | Build | House |
| 14:29 | Build | House |
| 14:53 | Age | Castle Age |
| 15:00 | Create | Villager (Male) |
| 15:00 | Create | Villager (Male) |
| 15:03 | Create | Petard |
| 15:04 | Create | Petard |
| 15:04 | Create | Petard |
| 15:25 | Build | Town Center |
| 15:30 | Research | Bow Saw |
| 15:33 | Build | Farm |
| 16:09 | Create | Villager (Male) |
| 16:09 | Create | Villager (Male) |
| 16:09 | Create | Villager (Male) |
| 16:17 | Build | Farm |
| 16:17 | Build | Farm |
| 16:17 | Build | Farm |
| 16:18 | Build | Farm |
| 16:22 | Build | Farm |
| 16:22 | Build | Farm |
| 16:41 | Build | Farm |
| 17:00 | Create | Villager (Male) |
| 17:00 | Create | Villager (Male) |
| 17:01 | Create | Villager (Male) |
| 17:10 | Build | Farm |
| 17:11 | Build | Farm |
| 17:11 | Build | Farm |
| 17:12 | Build | Farm |
| 17:13 | Build | Farm |
| 17:28 | Build | Town Center |
| 17:32 | Create | Villager (Male) |
| 17:32 | Create | Villager (Male) |
| 17:58 | Research | Wheelbarrow |
| 18:00 | Create | Villager (Male) |
| 18:00 | Create | Villager (Male) |
| 18:19 | Build | House |
| 18:22 | Build | House |
| 18:27 | Create | Villager (Male) |
| 18:28 | Create | Villager (Male) |
| 18:30 | Create | Villager (Male) |
| 18:44 | Create | Villager (Male) |
| 18:44 | Create | Villager (Male) |
| 18:53 | Build | Monastery |
| 19:06 | Research | Heavy Plow |
| 19:13 | Create | Villager (Male) ×3 |
| 19:14 | Create | Villager (Male) ×3 |
| 19:31 | Build | Farm |
| 19:31 | Build | Farm |
| 19:31 | Build | Farm |
| 19:31 | Build | Farm |
| 19:37 | Research | Heavy Plow |
| 19:40 | Create | Villager (Male) |
| 19:41 | Create | Villager (Male) |
| 20:09 | Create | Villager (Male) ×4 |
| 20:10 | Create | Villager (Male) ×4 |
| 20:10 | Create | Villager (Male) ×4 |
| 20:19 | Build | Settlement |
| 20:26 | Create | Villager (Male) |
| 20:27 | Create | Monk |
| 21:03 | Create | Villager (Male) ×5 |
| 21:03 | Create | Villager (Male) ×5 |
| 21:07 | Build | Farm |
| 21:07 | Build | Farm |
| 21:08 | Build | Farm |
| 21:13 | Create | Villager (Male) |
| 21:14 | Create | Villager (Male) |
| 21:19 | Build | Farm |
| 21:19 | Build | Farm |
| 21:20 | Build | Farm |
| 21:20 | Build | Farm |
| 21:28 | Create | Villager (Male) ×3 |
| 21:28 | Create | Villager (Male) ×3 |
| 21:28 | Create | Villager (Male) ×3 |
| 21:49 | Build | Outpost |
| 21:54 | Research | Town Watch |
| 21:58 | Create | Villager (Male) |
| 21:58 | Create | Villager (Male) |
| 22:06 | Build | House |
| 22:07 | Build | House |
| 22:07 | Build | House |
| 22:08 | Build | House |
| 22:08 | Build | House |
| 22:21 | Build | Farm |
| 22:26 | Create | Villager (Male) |
| 22:26 | Create | Villager (Male) |
| 22:40 | Create | Villager (Male) |
| 22:41 | Create | Villager (Male) |
| 22:42 | Create | Monk |
| 23:00 | Create | Villager (Male) |
| 23:00 | Create | Villager (Male) |
| 23:23 | Research | Pikeman (upgrade) |
| 23:23 | Research | Squires |
| 23:27 | Research | Scale Mail Armor |
| 23:27 | Research | Forging |
Build order — boo
First 150 of 509 actions detected
| 0:01 | Create | Villager (Male) |
| 0:02 | Create | Villager (Male) |
| 0:03 | Build | House |
| 0:07 | Build | House |
| 0:21 | Create | Villager (Male) |
| 0:21 | Create | Villager (Male) |
| 0:21 | Create | Villager (Male) |
| 1:24 | Create | Villager (Male) |
| 1:57 | Build | Lumber Camp |
| 2:00 | Create | Villager (Male) |
| 2:01 | Create | Villager (Male) |
| 2:16 | Create | Villager (Male) |
| 2:16 | Create | Villager (Male) |
| 2:47 | Create | Villager (Male) |
| 2:47 | Create | Villager (Male) |
| 3:06 | Create | Villager (Male) |
| 3:07 | Create | Villager (Male) |
| 3:41 | Create | Villager (Male) |
| 3:41 | Create | Villager (Male) |
| 3:41 | Create | Villager (Male) |
| 3:50 | Build | House |
| 4:06 | Create | Villager (Male) |
| 4:06 | Create | Villager (Male) |
| 4:29 | Build | House |
| 4:43 | Create | Villager (Male) |
| 4:43 | Create | Villager (Male) |
| 4:43 | Create | Villager (Male) |
| 4:43 | Create | Villager (Male) |
| 5:00 | Build | House |
| 5:08 | Build | Mill |
| 5:21 | Create | Villager (Male) |
| 5:22 | Create | Villager (Male) |
| 6:36 | Create | Villager (Male) |
| 6:47 | Build | Mining Camp |
| 6:58 | Create | Villager (Male) |
| 7:20 | Create | Villager (Male) |
| 7:42 | Build | Lumber Camp |
| 7:46 | Create | Villager (Male) |
| 8:17 | Create | Villager (Male) |
| 8:40 | Research | Feudal Age |
| 8:40 | Research | Feudal Age |
| 10:22 | Build | Farm |
| 10:38 | Build | Farm |
| 10:56 | Age | Feudal Age |
| 10:58 | Create | Villager (Male) |
| 11:04 | Build | Market |
| 11:09 | Build | Blacksmith |
| 11:12 | Create | Villager (Male) |
| 11:16 | Build | Farm |
| 11:47 | Build | Farm |
| 11:53 | Build | Farm |
| 12:03 | Build | House |
| 12:04 | Create | Villager (Male) |
| 12:11 | Build | Farm |
| 12:39 | Build | House |
| 12:44 | Create | Villager (Male) |
| 13:27 | Research | Castle Age |
| 13:28 | Research | Castle Age |
| 14:22 | Research | Double-Bit Axe |
| 14:22 | Research | Double-Bit Axe |
| 14:37 | Research | Horse Collar |
| 16:07 | Age | Castle Age |
| 16:14 | Build | Town Center |
| 16:15 | Create | Villager (Male) |
| 16:15 | Create | Villager (Male) |
| 16:26 | Research | Bow Saw |
| 16:26 | Research | Bow Saw |
| 16:39 | Build | Town Center |
| 16:42 | Create | Villager (Male) |
| 17:08 | Build | Farm |
| 17:20 | Create | Villager (Male) |
| 17:32 | Build | Town Center |
| 17:39 | Build | Farm |
| 17:47 | Create | Villager (Male) |
| 17:53 | Create | Villager (Male) |
| 18:00 | Build | Farm |
| 18:02 | Build | Farm |
| 18:03 | Build | Farm |
| 18:10 | Build | Farm |
| 18:14 | Create | Villager (Male) |
| 18:16 | Create | Villager (Male) |
| 18:22 | Build | Farm |
| 18:25 | Build | Farm |
| 18:28 | Build | Farm |
| 18:30 | Build | Farm |
| 18:31 | Create | Villager (Male) |
| 18:32 | Create | Villager (Male) |
| 18:32 | Create | Villager (Male) |
| 18:47 | Build | Farm |
| 18:50 | Build | Farm |
| 18:59 | Build | House |
| 19:01 | Build | House |
| 19:02 | Build | House |
| 19:04 | Build | House |
| 19:15 | Create | Villager (Male) |
| 19:16 | Create | Villager (Male) |
| 19:16 | Create | Villager (Male) |
| 19:16 | Create | Villager (Male) |
| 19:19 | Build | Farm |
| 19:26 | Build | Farm |
| 19:32 | Create | Villager (Male) |
| 19:33 | Create | Villager (Male) |
| 19:43 | Build | Farm |
| 19:46 | Build | Farm |
| 19:49 | Build | Farm |
| 20:02 | Build | Farm |
| 20:03 | Create | Villager (Male) |
| 20:03 | Create | Villager (Male) |
| 20:04 | Create | Villager (Male) |
| 20:05 | Create | Villager (Male) |
| 20:05 | Create | Villager (Male) |
| 20:10 | Build | Farm |
| 20:26 | Build | Farm |
| 20:30 | Build | Farm |
| 20:32 | Create | Villager (Male) |
| 20:33 | Create | Villager (Male) |
| 20:34 | Create | Villager (Male) |
| 20:35 | Create | Villager (Male) |
| 20:35 | Create | Villager (Male) |
| 20:36 | Create | Villager (Male) |
| 20:45 | Build | Farm |
| 20:49 | Build | Farm |
| 20:55 | Build | House |
| 20:56 | Build | House |
| 20:59 | Build | Farm |
| 21:08 | Create | Villager (Male) |
| 21:09 | Create | Villager (Male) |
| 21:09 | Create | Villager (Male) |
| 21:10 | Create | Villager (Male) |
| 21:15 | Build | Farm |
| 21:21 | Build | Farm |
| 21:26 | Build | House |
| 21:31 | Build | House |
| 21:33 | Build | House |
| 21:36 | Create | Villager (Male) |
| 21:36 | Create | Villager (Male) |
| 21:37 | Create | Villager (Male) |
| 21:37 | Create | Villager (Male) |
| 21:38 | Create | Villager (Male) |
| 21:45 | Build | Farm |
| 21:53 | Build | Farm |
| 21:59 | Build | Farm |
| 22:01 | Create | Villager (Male) |
| 22:02 | Create | Villager (Male) |
| 22:03 | Create | Villager (Male) |
| 22:08 | Research | Heavy Plow |
| 22:15 | Create | Villager (Male) |
| 22:16 | Create | Villager (Male) |
| 22:17 | Create | Villager (Male) |
| 22:18 | Create | Villager (Male) |
Match timeline
| 9:05 | liviescu · first_building Barracks |
| 9:43 | Horahlooks · first_building Barracks |
| 10:32 | liviescu · age_up feudal |
| 10:37 | liviescu · wall_segment Stone Wall x2 |
| 10:56 | boo · age_up feudal |
| 11:23 | Horahlooks · age_up feudal |
| 11:25 | Horahlooks · first_building Archery Range |
| 11:28 | omen269 · age_up feudal |
| 11:41 | xr0015 · age_up feudal |
| 11:50 | PrinzessinJani · first_building Barracks |
| 12:46 | PrinzessinJani · age_up feudal |
| 13:38 | PrinzessinJani · first_building Archery Range |
| 13:46 | omen269 · first_building Barracks |
| 14:25 | xr0015 · first_building Barracks |
| 14:30 | 送葬者 · age_up feudal |
| 14:53 | Horahlooks · age_up castle |
| 14:57 | PrinzessinJani · first_building Stable |
| 15:24 | omen269 · age_up castle |
| 15:38 | xr0015 · first_building Stable |
| 16:07 | boo · age_up castle |
| 16:46 | omen269 · first_market_buy 100 wood |
| 17:33 | liviescu · wall_segment Stone Wall x15 |
| 17:54 | liviescu · wall_segment Stone Wall x6 |
| 18:09 | 送葬者 · age_up castle |
| 18:14 | 送葬者 · first_building Monastery |
| 18:29 | liviescu · wall_segment Stone Wall x10 |
| 18:53 | Horahlooks · first_building Monastery |
| 19:15 | PrinzessinJani · wall_segment Stone Wall x4 |
| 19:35 | xr0015 · age_up castle |
| 19:39 | omen269 · first_building Stable |
| 20:12 | liviescu · wall_segment Palisade Wall x9 |
| 20:13 | omen269 · first_building Monastery |
| 20:18 | PrinzessinJani · age_up castle |
| 20:22 | liviescu · age_up castle |
| 20:24 | x-Philip_J_Fry-x · first_building Castle |
| 20:38 | liviescu · first_market_sell 100 wood |
| 20:42 | liviescu · first_market_buy 100 stone |
| 21:26 | xr0015 · first_building Archery Range |
| 22:36 | PrinzessinJani · first_building Monastery |
| 22:51 | boo · first_building Monastery |
| 22:57 | xr0015 · first_building Castle |
| 23:03 | x-Philip_J_Fry-x · first_building Barracks |
| 23:18 | 送葬者 · age_up imperial |
| 23:22 | x-Philip_J_Fry-x · first_building Monastery |
| 23:24 | omen269 · first_building Castle |
| 24:04 | liviescu · wall_segment Stone Wall x9 |
| 24:17 | Horahlooks · wall_segment Stone Wall x6 |
| 24:36 | x-Philip_J_Fry-x · first_building Siege Workshop |
| 24:37 | boo · first_building Barracks |
| 25:36 | PrinzessinJani · first_building Siege Workshop |
| 26:18 | 送葬者 · first_market_sell 100 wood |
| 26:26 | 送葬者 · first_market_buy 100 stone |
| 26:28 | liviescu · first_building Castle |
| 26:29 | boo · first_building Siege Workshop |
| 26:46 | Horahlooks · first_building Siege Workshop |
| 27:10 | boo · first_building Castle |
| 27:11 | Horahlooks · first_building Castle |
| 27:52 | xr0015 · first_building Monastery |
| 28:08 | 送葬者 · first_building Siege Workshop |
| 28:25 | liviescu · first_building Monastery |
| 28:48 | xr0015 · first_building Siege Workshop |
| 28:58 | omen269 · first_building Archery Range |
| 29:05 | boo · age_up imperial |
| 29:20 | Horahlooks · age_up imperial |
| 30:59 | liviescu · wall_segment Stone Wall x1 |
| 31:08 | liviescu · wall_segment Stone Wall x5 |
| 31:12 | omen269 · age_up imperial |
| 31:26 | boo · first_building Archery Range |
| 31:35 | liviescu · first_building Archery Range |
| 34:44 | PrinzessinJani · age_up imperial |
| 35:03 | PrinzessinJani · first_building Castle |
| 36:02 | liviescu · age_up imperial |
| 37:57 | xr0015 · age_up imperial |
| 41:18 | x-Philip_J_Fry-x · first_market_sell 500 wood |
| 43:25 | omen269 · first_building Siege Workshop |
| 45:18 | Horahlooks · first_market_sell 500 stone |
| 53:03 | PrinzessinJani · wall_segment Stone Wall x6 |
| 54:49 | Horahlooks · first_market_buy 100 stone |
| 55:19 | omen269 · wall_segment Stone Wall x8 |
| 55:21 | 送葬者 · first_building Barracks |
| 57:32 | xr0015 · first_market_sell 500 wood |
| 57:37 | xr0015 · first_market_buy 100 stone |
| 65:51 | boo · first_market_sell 500 food |
| 67:04 | 送葬者 · first_building Castle |
| 68:50 | omen269 · first_market_sell 100 stone |
| 70:51 | x-Philip_J_Fry-x · resign |
[ AI ANALYSIS · 1 CREDIT ]
What really happened in this match?
Wolo.gg analyzes every decision: build order, eco, micro, common mistakes by bracket. Personalized analysis on WhatsApp or Discord in 30 seconds.
Civ guide
Saracens
Perfil
Jugador #6662084